 Dungeon Crawl Stone Soup version 0.17-a0-1997-ga88ed7d (webtiles) character file.

758 Ordine the Skirmisher (level 7, -5/53 HPs)
             Began as an Octopode Fighter on Oct 8, 2015.
             Was an Initiate of Dithmenos.
             Slain by an ice beast (12 damage)
             ... on level 5 of the Dungeon.
             The game lasted 00:12:48 (5425 turns).

Ordine the Skirmisher (Octopode Fighter)            Turns: 5425, Time: 00:12:48

Health: -5/53      AC:  1    Str: 15    XL:     7   Next: 80%
Magic:  7/7        EV: 11    Int: 10    God:    Dithmenos [......]
Gold:   165        SH: 10    Dex: 14    Spells: 1 memorised, 5 levels left

rFire  . . .     SeeInvis .     a - +1 long sword
rCold  . . .     Clarity  .     b - +1 shield
rNeg   . . .     SustAt   .     (helmet restricted)
rPois  .         Gourm    .     (no amulet)
rElec  .         Spirit   .     (no ring)
rCorr  .         Warding  .     (no ring)
rMut   .         Stasis   .     (no ring)
MR     .....                    (no ring)
Stlth  ++........               (no ring)
                                (no ring)
                                (no ring)
                                (no ring)

@: not resistant to hostile enchantments, unstealthy
A: almost no armour, amphibious, 8 rings, constrict 8, camouflage 1, gelatinous
body 1
a: Renounce Religion


You were on level 5 of the Dungeon.
You worshipped Dithmenos.
Dithmenos was noncommittal.
You were not hungry.

You visited 2 branches of the dungeon, and saw 6 of its levels.

You collected 165 gold pieces.

Inventory:

Hand Weapons
 a - a +1 long sword (weapon)
Missiles
 f - 191 stones (quivered)
 q - 5 steel tomahawks
 r - 34 poisoned needles
Armour
 b - a +1 shield (worn)
Wands
 j - a wand of frost (14)
Scrolls
 e - 4 scrolls of remove curse
 h - a scroll of identify
 n - a scroll of teleportation
Potions
 k - a potion of haste
 l - a potion of flight
 m - 3 potions of curing
Books
 o - Muthin's Thaumaturgy 101
   (You found it on level 4 of the Dungeon)

   Spells                             Type                      Level
   a - Infusion                       Charms                       1
   b - Sting                          Conjuration/Poison           1
   c - Shock                          Conjuration/Air              1
   d - Sandblast                      Earth                        1
   e - Corona                         Hexes                        1
Comestibles
 c - a meat ration
 d - 3 bread rations
 g - 2 royal jellies
 i - 11 fruits
 p - 5 chunks of flesh


   Skills:
 + Level 6.5 Fighting
 + Level 6.3 Long Blades
 - Level 3.0 Dodging
 - Level 3.0 Shields


You had 5 spell levels left.
You knew the following spells:

 Your Spells              Type           Power        Failure   Level  Hunger
a - Corona                Hex            #......      99%         1    ##.....


Dungeon Overview and Level Annotations

Branches:
Dungeon (5/15)             Temple (1/1) D:5

Altars:
Ashenzari
Cheibriados
Dithmenos
Elyvilon
Fedhas
Gozag
Makhleb
Nemelex Xobeh
Okawaru
Ru
Sif Muna
Trog
Xom
Zin
The Shining One


Innate Abilities, Weirdness & Mutations

You cannot wear most types of armour.
You are amphibious.
You can wear up to eight rings at the same time.
You can use your tentacles to constrict eight enemies at once.
Your skin changes colour to match your surroundings (Stealth).
Your rubbery body absorbs attacks (AC +1).


Message History

You squeeze the ice beast, but do no damage.
The ice beast is severely wounded.
The ice beast hits you. The ice beast freezes you!
* * * LOW HITPOINT WARNING * * *
You are too injured to fight recklessly!
You are too injured to fight recklessly!
You are too injured to fight recklessly!
Drink which item? (? for menu, Esc to quit)
Okay, then.
Unknown command.
Unknown command.
You hit the ice beast.
The ice beast is severely wounded.
You block the ice beast's attack.
You hit the ice beast but do no damage. Your squeeze misses the ice beast.
The ice beast is severely wounded.
The ice beast hits you.
* * * LOW HITPOINT WARNING * * *
The ice beast freezes you!
You die...

.+
##+#....#.#...+
. .#
#....#'#...###
.#
##+#.........#
)# #.'.....)...#
.#
#..#.........#
<+
#.'..#.........#
.#
#'##+#.........#
.# #.
.........#####
.# # .......@.#
.+ ...(....(Y#
.# ..##+##+##((
.# .. ..(. ..
...(.. #+###+


You could see an ice beast.

Vanquished Creatures
  Menkaure (D:5)
  The ghost of Ordine the Skirmisher, an amateur OpFi (D:3)
  A water moccasin skeleton (D:5)
  2 crimson imps (D:5)
  2 hounds
  2 orc priests
  2 iguanas (D:5)
  2 orc wizards
  2 worker ants (D:4)
  Robin (D:4)
  5 adders
  An ooze (D:1)
  2 adder skeletons
  3 worms
  2 giant geckos
  12 orcs
  6 bats
  5 giant cockroaches
  14 hobgoblins
  2 jackals (D:4)
  6 kobolds
  2 ball pythons
  3 giant newts
  16 goblins
  A quokka (D:4)
  2 rats (D:3)
  2 bushes (D:1)
100 creatures vanquished.

Notes
Turn   | Place    | Note
--------------------------------------------------------------
     0 | D:1      | Ordine the Octopode Fighter began the quest for the Orb.
     0 | D:1      | Reached XP level 1. HP: 16/16 MP: 1/1
   185 | D:1      | Reached XP level 2. HP: 13/21 MP: 2/2
   672 | D:1      | Reached XP level 3. HP: 26/26 MP: 3/3
  1652 | D:2      | Reached skill level 4 in Fighting
  1652 | D:2      | Reached XP level 4. HP: 33/33 MP: 4/4
  2641 | D:3      | Noticed Ordine's ghost (amateur OpFi)
  2648 | D:3      | Killed Ordine's ghost
  2648 | D:3      | Reached XP level 5. HP: 25/38 MP: 5/5
  3416 | D:4      | Noticed Robin
  3441 | D:4      | Killed Robin
  3561 | D:4      | Reached XP level 6. HP: 37/45 MP: 6/6
  3570 | D:4      | Identified Muthin's Thaumaturgy 101
  3578 | D:4      | Found a glowing silver altar of Zin.
  3697 | D:4      | Learned a level 1 spell: Corona
  3817 | D:4      | Found a glowing golden altar of the Shining One.
  3882 | D:4      | Reached skill level 5 in Fighting
  3903 | D:4      | Reached skill level 5 in Long Blades
  4271 | D:5      | Entered Level 5 of the Dungeon
  4770 | D:5      | Reached XP level 7. HP: 48/50 MP: 7/7
  4937 | D:5      | Reached skill level 6 in Fighting
  4958 | D:5      | Found a staircase to the Ecumenical Temple.
  4969 | Temple   | Entered the Ecumenical Temple
  5032 | Temple   | Became a worshipper of Dithmenos the Shadowed
  5125 | D:5      | Found a blossoming altar of Fedhas.
  5183 | D:5      | Noticed Menkaure
  5187 | D:5      | Killed Menkaure
  5425 | D:5      | Slain by an ice beast

Vault maps used:
D:1:      dpeg_arrival_long_road, serial_forest, infiniplex_forest_lined_4_way,
          infiniplex_forest_clump_small, infiniplex_forest_straight_3,
          infiniplex_forest_end_2, infiniplex_forest_clump_curved,
          infiniplex_forest_lined_1, hangedman_abyss_or_decor_stabs
D:2:      nrook_mini_backslash
D:4:      kennysheep_little_box, zin_academy, minmay_misc_feat_plants,
          hangedman_decor_riveting, grunt_decor_mini_mirrors, uniq_robin
D:5:      minmay_temple_entry_glass, first_bread, fedhas_altar_fruit_tree,
          uniq_menkaure
Temple:   circular_temple_12

Action                   |  1- 3 |  4- 6 |  7- 9 || total
-------------------------+-------+-------+-------++-------
Melee: Long sword        |   179 |   108 |    42 ||   329
Throw: Stone             |       |    14 |     7 ||    21
       Tomahawk          |       |       |     3 ||     3
Evoke: Wand              |       |     2 |       ||     2
  Use: Scroll            |       |     9 |       ||     9
       Potion            |       |     1 |       ||     1
 Stab: Sleeping          |     5 |     6 |       ||    11
  Eat: Chunk             |     3 |    10 |     2 ||    15
